 Dungeon Crawl Stone Soup version 0.29-a0-231-g945431f764 (webtiles) character file.

Game seed: 8103335862337766623

133444 JoanKujo the Bewitcher (level 16, -17/116 HPs)
             Began as a Vampire Arcane Marksman on Mar 1, 2022.
             Was the Champion of Hepliaklqana.
             Killed by the air
             ... invoked by a spriggan air mage
              (29 damage)
             ... on level 2 of the Depths.
             The game lasted 03:16:43 (32761 turns).

JoanKujo the Bewitcher (Vampire Arcane Marksman)   Turns: 32761, Time: 03:16:43

Health: -17/116    AC: 20    Str:  7    XL:     16   Next: 59%
Magic:  27/27      EV: 18    Int: 23    God:    Hepliaklqana [******]
Gold:   1415       SH:  0    Dex: 34    Spells: 4/30 levels left

rFire   . . .      SeeInvis +   X - +1 demon whip (venom)
rCold   . . .      Faith    .   (no shield)
rNeg    . . .      Spirit   .   P - +0 troll leather armour {regen}
rPois   .          Reflect  .   j - +0 helmet
rElec   .          Harm     .   F - +2 cloak
rCorr   .          Rampage  .   V - +2 pair of gloves {Dex+3} {Dex+3}
Will    +....                   d - +2 pair of boots
Stlth   +++++.....              h - amulet of magic regeneration
HPRegen 1.29/turn               q - +6 ring of dexterity
MPRegen 0.60/turn               b - ring "Fougoisch" {+Blink AC+4 Str-2 Int+6 Dex+4}

@: marked, healing quickly, studying Maces & Flails
A: reduced essence, alive, fangs 3, see invisible, vampiric 2, sense
surroundings 1, robust 1
a: Exsanguinate, Renounce Religion, Evoke Blink, Recall Ancestor, Ancestor
Identity, Transference, Idealise


You were on level 2 of the Depths.
You worshipped Hepliaklqana.
Hepliaklqana was exalted by your worship.
You visited 6 branches of the dungeon, and saw 27 of its levels.
You visited the Abyss 1 time.
You also visited: Sewer and Gauntlet.

You collected 2601 gold pieces.
You spent 1186 gold pieces at shops.

Inventory:

Hand Weapons
 k - a +0 whip of electrocution
 p - a +4 longbow of freezing
 R - a +2 shortbow of flaming
 X - a +1 demon whip of venom (weapon)
Armour
 d - a +2 pair of boots (worn)
 j - a +0 helmet (worn)
 F - a +2 cloak (worn)
 P - a +0 troll leather armour (worn) {regen}
 V - a +2 pair of gloves of dexterity (worn) {Dex+3}
 Y - the +0 robe of Vehumet's Envy {Harm}
   (You found it on level 15 of the Dungeon)

   Harm:      It increases damage dealt and taken.
Jewellery
 b - the ring "Fougoisch" (right hand) {+Blink AC+4 Str-2 Int+6 Dex+4}
   (You found it in a Gauntlet)

   [ring of protection]

   AC:        It affects your AC (+4).
   Str:       It affects your strength (-2).
   Int:       It affects your intelligence (+6).
   Dex:       It affects your dexterity (+4).
   +Blink:    It lets you blink.
 h - an amulet of magic regeneration (around neck)
 q - a +6 ring of dexterity (left hand)
 T - the necklace of Bloodlust {*Rage Will++ Int-3 Slay+6}
   (You found it on level 15 of the Dungeon)

   [amulet of nothing]

   It extends the wearer's berserk rage when killing foes.
   Int:       It affects your intelligence (-3).
   Slay:      It affects your accuracy & damage with ranged weapons and melee
   (+6).
   *Rage:     It berserks you when you make melee attacks (+50% chance).
   Will:      It greatly increases your willpower.
 W - a ring of wizardry {Wiz+}
Wands
 u - a wand of paralysis (8)
 w - a wand of acid (29)
 y - a wand of polymorph (18)
 C - a wand of charming (5)
 D - a wand of digging (8)
 H - a wand of flame (25)
 I - a wand of iceblast (24)
Scrolls
 a - a scroll of enchant armour
 e - a scroll of fear
 f - 4 scrolls of fog
 g - 5 scrolls of amnesia
 i - 4 scrolls of identify
 m - 3 scrolls of noise {!r}
 s - a scroll of holy word {!r!r}
 t - 10 scrolls of teleportation
 v - 5 scrolls of immolation {!r}
 x - a scroll of summoning
 B - 4 scrolls of blinking {!r}
 J - a scroll of silence
 M - a scroll of brand weapon
Potions
 c - 3 potions of heal wounds
 l - 4 potions of brilliance
 n - 9 potions of flight
 o - 8 potions of mutation {!q}
 r - 8 potions of lignification {!q}
 A - 7 potions of curing
 E - 4 potions of ambrosia
 G - 2 potions of might
 K - a potion of magic
 L - a potion of haste
 N - 2 potions of berserk rage {!q}
 O - a potion of invisibility
Miscellaneous
 z - a box of beasts
 Q - a tin of tremorstones (2/2)
 S - a phial of floods
 U - a box of beasts


   Skills:
 * Level 7.6 Fighting
 + Level 15.3 Bows
 - Level 5.7 Armour
 - Level 5.8 Dodging
 - Level 7.3 Stealth
 - Level 7.9 Spellcasting
 - Level 16.0 Hexes
 - Level 8.7 Translocations
 - Level 2.0 Fire Magic
 - Level 8.8 Invocations
 - Level 8.1 Evocations


You had 4 spell levels left.
You knew the following spells:

 Your Spells              Type           Power      Damage    Failure   Level
a - Portal Projectile     Hex/Tloc       100%       N/A       1%          3
b - Inner Flame           Hex/Fire       50%        N/A       1%          3
c - Cause Fear            Hex            35%        N/A       1%          4
d - Passage of Golubria   Tloc           49%        N/A       2%          4
e - Tukima's Dance        Hex            70%        N/A       1%          3
f - Leda's Liquefaction   Hex/Erth       22%        N/A       3%          4
g - Anguish               Hex/Necr       22%        N/A       3%          4
s - Slow                  Hex            100%       N/A       0%          1

Your spell library contained the following spells:

 Spells                   Type           Power      Damage    Failure   Level
 Beastly Appendage        Tmut           18%        N/A       10%         1
 Corpse Rot               Necr/Air       18%        N/A       16%         2
 Static Discharge         Conj/Air       9%         N/A       16%         2
 Wereblood                Tmut           9%         N/A       16%         2
 Iskenderun's Mystic Bla  Conj/Tloc      29%        2d7       16%         4
 Frozen Ramparts          Ice            18%        1d3       30%         3
 Ozocubu's Armour         Ice            9%         N/A       30%         3
 Spider Form              Tmut/Pois      9%         N/A       30%         3
 Animate Armour           Summ/Erth      18%        N/A       69%         4
 Ice Form                 Ice/Tmut       9%         N/A       69%         4
 Summon Ice Beast         Ice/Summ       9%         N/A       69%         4
 Metabolic Englaciation   Hex/Ice        22%        N/A       11%         5
 Silence                  Hex/Air        22%        N/A       11%         5
 Enfeeble                 Hex            35%        N/A       12%         7
 Dispersal                Tloc           24%        N/A       38%         6
 Summon Forest            Summ/Tloc      14%        N/A       41%         5
 Blade Hands              Tmut           4%         N/A       95%         5
 Lee's Rapid Deconstruct  Erth           4%         3d6*      95%         5
 Eringya's Noxious Bog    Tmut/Pois      4%         N/A       100%        6
 Iron Shot                Conj/Erth      4%         9d2       100%        6
 Simulacrum               Ice/Necr       4%         N/A       100%        6
 Statue Form              Tmut/Erth      6%         N/A       100%        6
 Summon Hydra             Summ           4%         N/A       100%        7
 Disjunction              Tloc           24%        N/A       100%        8
 Lehudib's Crystal Spear  Conj/Erth      4%         10d3      100%        8


Dungeon Overview and Level Annotations

Branches:
Dungeon (15/15)            Temple (1/1) D:5            Lair (6/6) D:10
 Shoals (0/4) Lair:2        Snake (0/4) Lair:2        Slime (0/5) Lair:5
    Orc (2/2) D:11            Elf (1/3) Orc:2        Vaults (0/5) D:13
 Depths (2/4) D:15          Sewer (visited)         Gauntlet (visited)

Altars:
Ashenzari
Cheibriados
Dithmenos
Elyvilon
Fedhas
Gozag
Hepliaklqana
Kikubaaqudgha
Makhleb
Nemelex Xobeh
Okawaru
Qazlal
Sif Muna
Uskayaw
Xom
Yredelemnul
Zin

Shops:
D:11 [(   D:12 [   D:13 (!   Orc:2 (([(

Portals:
Hell: Depths:1
Trove: D:12 (give 11 potions of heal wounds)

Annotations:
D:13 Frances
Depths:1 2 exclusions


Innate Abilities, Weirdness & Mutations

Your life essence is reduced to manifest your ancestor. (-10% HP)
Your natural rate of healing is accelerated.
You have razor-sharp teeth.
You have supernaturally acute eyesight. (SInv)
You are afflicted with vampirism and can become a bat while bloodless.
You passively map a small area around you.
You are robust. (+10% HP)


Message History

The spriggan air mage gestures at King Kunta while chanting.
The bolt of lightning hits King Kunta!!
King Kunta is destroyed!
The spriggan air mage shouts!
You hear a shout!
You take 32 damage, and have 74/116 hp.
MASSIVE DAMAGE!!
The storm dragon sets off the alarm!
The alarm trap emits a blaring wail!
A sentinel's mark forms upon you.
A deep troll shaman comes into view.
The spriggan air mage waves its arms in wide circles.
The air twists around and strikes you!
You hear a deafening roar!
You hear a horrible gurgling sound!
You hear a shout! x2; You hear a horrible gurgling sound!
You hear a deafening roar!
You hear two shouts!
You hear a shout! x2
You hear a horrible gurgling sound! x2
You take 15 damage, and have 59/116 hp.
You hear a shout!
You hear a horrible gurgling sound! x2
The deep troll shaman calls upon its god to strengthen the deep troll shaman.
The deep troll shaman seems to grow stronger.
The spriggan air mage gestures at you while chanting.
The bolt of lightning hits the storm dragon.
The storm dragon completely resists.
The bolt of lightning hits you.
* * * LOW HITPOINT WARNING * * *
There is an open door, spattered with blood here.
Things that are here:
a +0 spear; a +0 buckler; a spriggan corpse You take 5 damage, and have 55/116 hp.
You regained 2 hp, and now have 57/116 hp.
The storm dragon breathes lightning at you.
The bolt of lightning hits you!!
* * * LOW HITPOINT WARNING * * *
The bolt of lightning hits you!!
* * * LOW HITPOINT WARNING * * *
There is a stone staircase leading up, spattered with blood here.
You take 46 damage, and have 11/116 hp.
MASSIVE DAMAGE!!
The spriggan air mage waves its arms in wide circles.
The air twists around and strikes you!!
You die...

, #...i..###....#####
.....D###i............###
...... #..T.....#####..<####
.#..#. #..#.....#.......#..##
#..#######.T...'......##...#
.#.i#..#..#..D..###....#...)#
.......#.....#)##.#...##....#
......###....#....#...'...#*
, *##....[...##.@.#...#...# ,
#....).#...#...#########
#..#[).##..#..## *
####....'†.#<.# ,
#..#.†..####..# ,
#...[.....#...# ,
##........#...#
,.......##'###...#########
#..####'#....###.........#


You could see a storm dragon (catching breath), a spriggan air mage (repels
missiles) and 2 deep troll shamans.

Levels and vault maps discovered:
D:1:      minmay_arrival_four_loops, layout_loops_corners, minmay_tetromino_l4
D:2:      layout_loops_cross, serial_shops, shop_scrolls,
          ebering_ecumenical_altar_petrified, uniq_robin
D:3:      layout_loops_cross, minmay_diced_spiral, uniq_sigmund
D:4:      minmay_evil_eye, layout_rooms, dk_rats_in_the_wall, uniq_grinder,
          uniq_eustachio
D:5:      minmay_skewed_foursquare, layout_rooms, lemuel_crystal_altar,
          minmay_temple_entry_antechambers, uniq_crazy_yiuf_cottage
D:6:      layout_gridville, gup_sewer_entry_bubbles, uniq_pikel, uniq_maggie
D:7:      layout_gridville, mainiacjoe_overflow_chevrons,
          hangedman_abyss_or_decor_lesser_grid, bh_walls_and_bars
D:8:      minmay_thick_lines, layout_basic, tgw_kikubaaqudgha
D:9:      layout_basic, slow_altar_2, special_room [special_room_orc]
D:10:     layout_irregular_city, nicolae_yredelemnul_corpse_copse,
          makhleb_altar_promises_db, mainiacjoe_overflow_boulevard,
          david_lair_generic, uniq_erolcha, uniq_sonja
D:11:     layout_basic, orc_david_3, grunt_ministairs_3,
          nemelex_xobeh_ov_fountains_minmay
D:12:     layout_basic, serial_shops, shop, enter_trove_2,
          kennysheep_small_square, uniq_urug
D:13:     layout_stronghold, erik_vaults_2, serial_shops, kennysheep_little_box,
          shop, uniq_frances
D:14:     layout_basic, elyvilon_altar_3
D:15:     hangedman_depths_entry_civil_slaughter, layout_gridville,
          serial_glass, glass_columns_a, glass_columns_a, serial_park_avenue1,
          hellmonk_guarded_unrand_vitality_bloodlust
Temple:   regret_index_temple_waves
Lair:1:   layout_misc_corridors, grunt_megastairs_4
Lair:2:   layout_roguey, minmay_shoals_entry_hut,
          minmay_snake_entry_guardpost_small, grunt_megastairs_3,
          lemuel_fruit_tree
Lair:3:   layout_small_grid, serial_bayou_shore_a, grunt_megastairs_5,
          infiniplex_staircase_pool
Lair:4:   layout_gridlike, forest_entry_grove, uniq_amaemon
Lair:5:   layout_hall_layers, slime_dummy, ebering_ghost_inner_flame,
          chequers_serial_rivers_micro_d
Lair:6:   minmay_lair_end_frog_pond, layout_gridlike, gauntlet_entry_generic,
          infiniplex_staircase_pool_2
Orc:1:    layout_caves, uniq_snorg
Orc:2:    st_orc_elflike, layout_caves, uniq_maurice
Elf:1:    layout_gridlike, ebering_ghost_xom, serial_shops,
          nicolae_diamond_shop, minmay_elf_demonology
Depths:1: layout_gridville, hell_entry, st_stairs_13, kennysheep_minor_cross,
          minmay_orc_keep, serial_bayou_shore_b
Depths:2: hangedman_cross_cluster, layout_honeycomb, minmay_misc_feat_tower,
          rand_demon_pan_entry_9, hangedman_geh_valley, abyss_entry_flame_altar,
          evilmike_minifort, infiniplex_staircase_zigzag_4, uniq_josephina

Notes
Turn   | Place    | Note
-------+----------+-------------------------------------------
     0 | D:1      | JoanKujo the Vampire Arcane Marksman began the quest for
                  | the Orb.
     0 | D:1      | Reached XP level 1. HP: 14/14 MP: 2/2
    89 | D:1      | Identified a +0 dagger
   300 | D:1      | Reached XP level 2. HP: 17/20 MP: 3/3
   332 | D:1      | Reached skill level 2 in Bows
   369 | D:1      | Identified a +0 club
   425 | D:1      | Reached skill level 5 in Hexes
   455 | D:1      | Identified a +0 whip
   455 | D:1      | Identified a +0 dagger
   512 | D:1      | Identified a +0 dagger
  1079 | D:2      | Gained mutation: You are afflicted with vampirism and can
                  | become a bat while bloodless. [Vampire growth]
  1079 | D:2      | Reached XP level 3. HP: 17/25 MP: 4/4
  1091 | D:2      | Learned a level 3 spell: Portal Projectile
  1137 | D:2      | Identified an amulet of magic regeneration
  1149 | D:2      | Identified a +0 dagger
  1149 | D:2      | Identified a +0 dagger
  1150 | D:2      | Identified a +0 dagger
  1150 | D:2      | Identified a +0 dagger
  1151 | D:2      | Identified a +0 dagger
  1153 | D:2      | Identified a +0 dagger
  1227 | D:2      | Found a faded altar of an unknown god.
  1278 | D:2      | Identified a +0 short sword
  1306 | D:2      | Found Ytzynim's Magic Scroll Boutique.
  1312 | D:2      | Bought a scroll of identify for 26 gold pieces
  1312 | D:2      | Bought a scroll of teleportation for 39 gold pieces
  1312 | D:2      | Identified a potion of curing
  1313 | D:2      | Identified a potion of brilliance
  1358 | D:2      | Identified a +0 club
  1358 | D:2      | Identified a +0 animal skin
  1358 | D:2      | Identified a +0 helmet
  1358 | D:2      | Noticed Robin
  1360 | D:2      | Identified a +0 dagger
  1363 | D:2      | Identified a +0 club
  1365 | D:2      | Identified a +0 trident
  1365 | D:2      | HP: 3/25 [goblin/+0 dagger[Robin] (5)]
  1365 | D:2      | Identified a +0 club
  1365 | D:2      | Identified a +0 buckler
  1455 | D:2      | Identified a +0 dagger
  1504 | D:2      | Identified a +2 pair of boots
  1635 | D:2      | Identified a +0 dagger
  1718 | D:2      | Identified a +0 trident
  1719 | D:2      | Identified a +0 dagger
  1719 | D:2      | Identified a +0 ring mail
  1720 | D:2      | Identified a +0 club
  1720 | D:2      | Identified a +0 club
  1869 | D:2      | Reached XP level 4. HP: 31/31 MP: 5/5
  1880 | D:2      | Reached skill level 6 in Hexes
  1925 | D:2      | Identified a +0 club
  1958 | D:2      | Identified a +0 short sword
  1984 | D:2      | Identified a +0 quarterstaff
  2064 | D:2      | Identified a +0 club
  2119 | D:2      | Killed Robin
  2123 | D:2      | Identified a +0 shortbow
  2153 | D:2      | Found Ytzynim's Magic Scroll Boutique.
  2164 | D:2      | Identified a +0 leather armour
  2192 | D:2      | Found a faded altar of an unknown god.
  2671 | D:2      | Bought a scroll of fog for 26 gold pieces
  2671 | D:2      | Bought a scroll of noise for 13 gold pieces
  2689 | D:3      | Identified a +0 club
  2717 | D:3      | Reached skill level 3 in Bows
  2778 | D:3      | Identified a +0 scythe
  2778 | D:3      | Identified a +0 robe
  2778 | D:3      | Noticed Sigmund
  2859 | D:3      | Identified a +0 whip
  2875 | D:3      | Identified a potion of invisibility
  2882 | D:3      | Identified a +0 short sword
  2882 | D:3      | Identified a +0 leather armour
  2882 | D:3      | Identified a +2 short sword of holy wrath
  2882 | D:3      | Identified a +0 flail
  2882 | D:3      | Identified a +0 whip
  3096 | D:3      | Identified a +0 dagger
  3182 | D:3      | Identified a +0 short sword
  3288 | D:3      | Identified a +0 dagger
  3440 | D:3      | Reached XP level 5. HP: 26/32 MP: 7/7
  3745 | D:3      | Killed Sigmund
  3746 | D:3      | Reached skill level 3 in Spellcasting
  3746 | D:3      | Reached XP level 6. HP: 21/37 MP: 7/10
  3778 | D:4      | Identified a +0 club
  3783 | D:4      | Identified a +0 halberd
  3784 | D:4      | Identified a +0 whip
  3784 | D:4      | Identified a +0 robe
  3784 | D:4      | Identified a +0 club
  3816 | D:3      | Reached skill level 4 in Bows
  3861 | D:4      | Identified a +0 flail of holy wrath
  3861 | D:4      | Identified a +0 club
  3861 | D:4      | Identified a +0 club
  3861 | D:4      | Identified a +0 dagger
  3861 | D:4      | Identified a +0 short sword
  3861 | D:4      | Identified a +0 whip
  3863 | D:4      | Identified a +0 club
  3863 | D:4      | Identified a +0 leather armour
  3864 | D:4      | Identified a +0 dagger
  3864 | D:4      | Identified a +0 robe
  3934 | D:4      | Noticed Grinder
  3934 | D:4      | Identified a +0 rapier
  3934 | D:4      | Identified a +2 leather armour of fire resistance
  3934 | D:4      | Noticed Eustachio
  4016 | D:4      | Identified a +2 dagger of venom
  4016 | D:4      | Identified a +0 club
  4016 | D:4      | Identified a +0 hunting sling
  4162 | D:4      | Killed Grinder
  4163 | D:4      | Reached XP level 7. HP: 12/47 MP: 12/12
  4419 | D:4      | Killed Eustachio
  4420 | D:4      | Reached skill level 5 in Bows
  4420 | D:4      | Reached skill level 4 in Spellcasting
  4524 | D:4      | Reached skill level 7 in Hexes
  4528 | D:4      | Learned a level 3 spell: Inner Flame
  4533 | D:4      | Learned a level 4 spell: Cause Fear
  4662 | D:4      | Identified a +0 chain mail
  4663 | D:4      | Identified a +0 dagger
  4663 | D:4      | Identified a +0 robe
  4665 | D:4      | Identified a +0 short sword
  4721 | D:4      | Identified a +0 leather armour
  4782 | D:4      | Identified 4 potions of heal wounds
  5199 | D:5      | Entered Level 5 of the Dungeon
  5205 | D:5      | Identified a +0 dagger
  5205 | D:5      | Identified a +0 chain mail
  5206 | D:5      | Identified a +0 whip
  5206 | D:5      | Identified a +0 leather armour
  5207 | D:5      | Identified a +0 dagger
  5207 | D:5      | Identified a +0 robe
  5222 | D:5      | Reached skill level 8 in Hexes
  5282 | D:4      | Reached XP level 8. HP: 46/53 MP: 14/14
  5290 | D:5      | Reached skill level 1 in Translocations
  5372 | D:5      | Identified a potion of mutation
  5381 | D:5      | Found a broken altar of Ashenzari.
  5500 | D:2      | Bought a scroll of identify for 26 gold pieces
  5500 | D:2      | Bought a scroll of teleportation for 39 gold pieces
  5500 | D:2      | Bought a scroll of enchant weapon for 97 gold pieces
  5541 | D:4      | Identified 2 scrolls of magic mapping
  5547 | D:5      | Identified a +0 spear
  5555 | D:5      | Found a staircase to the Ecumenical Temple.
  5564 | Temple   | Entered the Ecumenical Temple
  5606 | Temple   | Became a worshipper of Hepliaklqana the Forgotten
  5881 | D:5      | Reached skill level 2 in Translocations
  5971 | D:5      | Identified a +0 club
  5971 | D:5      | Identified a +0 flail
  6105 | D:5      | Reached skill level 1 in Fire Magic
  6246 | D:5      | Identified a +0 pair of gloves
  6269 | D:5      | Identified an amulet of the acrobat
  6285 | D:5      | Identified a +0 whip
  6285 | D:5      | Identified a +0 falchion of distortion
  6285 | D:5      | Identified a +0 leather armour
  6287 | D:5      | Identified a +0 spear
  6296 | D:5      | Identified a +0 flail
  6319 | D:5      | Reached skill level 2 in Fire Magic
  6330 | D:5      | Reached skill level 6 in Bows
  6361 | D:5      | Identified 2 scrolls of amnesia
  6500 | D:5      | Found a runed translucent door.
  6501 | D:5      | Identified a +2 quarterstaff of chaos
  6501 | D:5      | Identified a +2 cloak
  6501 | D:5      | Noticed Crazy Yiuf
  6514 | D:5      | Identified a +0 mace
  6551 | D:5      | Killed Crazy Yiuf
  6750 | D:6      | Identified a +0 hand axe
  6750 | D:6      | Identified a +0 ring mail
  6751 | D:6      | Identified a +1 short sword of draining
  6755 | D:6      | Reached skill level 9 in Hexes
  6755 | D:6      | Identified a +0 club
  6755 | D:6      | Identified a +0 robe
  6756 | D:6      | Identified a +0 falchion
  6756 | D:6      | Identified a +0 ring mail
  6868 | D:6      | Identified a +0 short sword
  6868 | D:6      | Identified a +0 club
  6870 | D:6      | Identified a +0 club
  6870 | D:6      | Identified a +0 leather armour
  6871 | D:6      | Identified a +0 halberd of flaming
  6871 | D:6      | Identified +0 acid dragon scales
  6871 | D:6      | Noticed Maggie
  6951 | D:6      | Identified a +0 robe
  6979 | D:6      | Reached skill level 10 in Hexes
  7038 | D:6      | Found a glowing drain.
  7047 | Sewer    | Entered a sewer
  7158 | Sewer    | Identified a +0 trident
  7162 | Sewer    | Reached XP level 9. HP: 58/58 MP: 9/15
  7345 | Sewer    | Reached skill level 3 in Dodging
  7773 | D:6      | Reached skill level 4 in Dodging
  7774 | D:6      | Identified a +0 flail
  7804 | D:6      | Identified a +0 flail
  7804 | D:6      | Identified a +0 leather armour
  7806 | D:6      | Identified a +0 flail
  7884 | D:6      | Identified a +0 club
  7884 | D:6      | Identified a +0 ring mail
  7909 | D:6      | Reached skill level 1 in Fighting
  7926 | D:6      | Reached * piety under Hepliaklqana
  7985 | D:6      | Identified a +0 whip of electrocution
  7985 | D:6      | Identified a +0 robe
  7985 | D:6      | Noticed Pikel
  8125 | D:6      | Killed Pikel
  8126 | D:6      | Reached skill level 3 in Fighting
  8126 | D:6      | Reached skill level 7 in Bows
  8232 | D:6      | Identified a +0 short sword
  8441 | D:6      | Killed Maggie
  8442 | D:6      | Reached skill level 4 in Fighting
  8809 | D:7      | Reached skill level 2 in Stealth
  8887 | D:7      | Reached skill level 3 in Stealth
  8932 | D:7      | Identified a +0 dagger
  8935 | D:7      | Identified a +0 whip
  8936 | D:7      | Identified a +0 dagger
  8943 | D:7      | Reached skill level 4 in Stealth
  9070 | D:7      | Identified a potion of degeneration
 10193 | D:8      | Identified a +0 club
 10193 | D:8      | Identified a +0 leather armour
 10193 | D:8      | Identified a +0 spear
 10193 | D:8      | Identified a +0 club
 10193 | D:8      | Identified a +0 spear
 10193 | D:8      | Identified a +0 dagger
 10193 | D:8      | Identified a +0 robe
 10193 | D:8      | Identified a +0 dagger
 10193 | D:8      | Identified a +0 robe
 10193 | D:8      | Identified a +0 dagger
 10193 | D:8      | Identified a +0 chain mail
 10193 | D:8      | Identified a +0 club
 10194 | D:8      | Identified a +0 halberd of venom
 10255 | D:8      | Reached ** piety under Hepliaklqana
 10256 | D:8      | Remembered your ancestor King Kunta as a battlemage
 10265 | D:8      | Identified a +0 quarterstaff
 10287 | D:8      | Identified a +0 shortbow
 10292 | D:8      | Reached skill level 5 in Stealth
 10332 | D:8      | Identified a +0 war axe
 10332 | D:8      | Identified a +0 plate armour
 10391 | D:8      | Identified a +0 quarterstaff
 10400 | D:8      | Reached skill level 6 in Stealth
 10478 | D:8      | Identified a potion of lignification
 10490 | D:8      | Identified a ring of see invisible
 10568 | D:8      | Identified a +0 short sword of protection
 10568 | D:8      | Identified a +0 robe
 10568 | D:8      | Identified a +1 war axe of freezing
 10568 | D:8      | Identified a +0 robe
 10574 | D:8      | Reached XP level 10. HP: 63/63 MP: 16/16
 10596 | D:8      | Reached skill level 7 in Stealth
 10619 | D:8      | Identified a +0 chain mail
 10689 | D:8      | Reached skill level 8 in Bows
 10769 | D:8      | Identified +0 acid dragon scales
 10787 | D:8      | Identified a +0 quarterstaff
 10916 | D:8      | Reached skill level 11 in Hexes
 11037 | D:8      | Found an ancient bone altar of Kikubaaqudgha.
 11039 | D:8      | Identified a +0 short sword
 11040 | D:8      | Identified a +5 long sword of freezing
 11040 | D:8      | Identified a +0 robe
 11046 | D:8      | Identified a +0 trident
 11046 | D:8      | Identified a +0 robe
 11494 | D:8      | Found an ancient bone altar of Kikubaaqudgha.
 11571 | D:9      | Identified a +0 trident
 11571 | D:9      | Identified a +0 plate armour
 11571 | D:9      | Identified a +0 trident
 11571 | D:9      | Identified a +0 chain mail
 11571 | D:9      | Identified a +0 flail
 11760 | D:9      | Identified a +0 quarterstaff
 11776 | D:9      | Found a snail-covered altar of Cheibriados.
 11808 | D:9      | Identified 2 scrolls of blinking
 11927 | D:9      | Reached skill level 12 in Hexes
 12041 | D:9      | Learned a level 4 spell: Passage of Golubria
 12073 | D:9      | Reached skill level 3 in Translocations
 12220 | D:9      | Identified a +0 dagger
 12220 | D:9      | Identified a +0 leather armour
 12238 | D:9      | Identified a +0 giant spiked club
 12238 | D:9      | Identified a +0 giant spiked club
 12238 | D:9      | Noticed a two-headed ogre
 12251 | D:9      | Killed a two-headed ogre
 12252 | D:9      | Reached skill level 4 in Translocations
 12348 | D:9      | Identified a +0 club
 12352 | D:9      | Identified a +0 whip
 12352 | D:9      | Identified a +0 leather armour
 12352 | D:9      | Identified a +0 club
 12352 | D:9      | Identified a +0 leather armour
 12359 | D:9      | Identified a +0 hand axe
 12360 | D:9      | Identified a +0 short sword
 12383 | D:9      | Identified a +0 morningstar
 12421 | D:9      | Identified a +0 club
 12421 | D:9      | Identified a +0 leather armour
 12421 | D:9      | Identified a +0 flail
 12421 | D:9      | Identified a +1 whip of venom
 12421 | D:9      | Identified a +0 halberd
 12421 | D:9      | Identified a +0 plate armour
 12421 | D:9      | Identified a +0 hand axe
 12430 | D:9      | Identified a +0 mace
 12564 | D:9      | Identified a +0 morningstar
 12564 | D:9      | Identified a +0 leather armour
 12573 | D:9      | Identified a +0 club
 12573 | D:9      | Identified a +0 chain mail
 12801 | D:9      | Identified a +0 short sword
 12801 | D:9      | Identified a +0 scale mail
 12809 | D:9      | Identified a +0 chain mail
 12835 | D:9      | Identified a +0 quarterstaff
 13073 | D:10     | Entered Level 10 of the Dungeon
 13073 | D:10     | Identified a +0 dagger
 13073 | D:10     | Identified a +0 robe
 13073 | D:10     | Identified a +0 dagger
 13073 | D:10     | Identified a +0 robe
 13073 | D:10     | Identified a +0 short sword
 13073 | D:10     | Reached *** piety under Hepliaklqana
 13074 | D:10     | Identified a +0 hand axe
 13075 | D:10     | Identified a +0 short sword
 13147 | D:10     | Reached skill level 9 in Bows
 13147 | D:10     | Reached XP level 11. HP: 69/69 MP: 17/17
 13180 | D:10     | Gained mutation: You passively map a small area around you.
                  | [potion of mutation]
 13180 | D:10     | Gained mutation: You are robust. (+10% HP) [potion of
                  | mutation]
 13238 | D:10     | Paralysed by a hornet for 2 turns
 13456 | D:10     | Found a burning altar of Makhleb.
 13459 | D:10     | Identified a +0 demon whip
 13459 | D:10     | Noticed a balrug
 13464 | D:10     | Identified a +1 short sword of distortion
 13464 | D:10     | Noticed Sonja
 13472 | D:10     | Killed Sonja
 13473 | D:10     | Reached skill level 5 in Translocations
 13596 | D:10     | Identified a potion of cancellation
 13606 | D:10     | Found a staircase to the Lair.
 13650 | D:10     | Identified a +0 quarterstaff
 13717 | D:10     | Identified a +0 quarterstaff
 13754 | D:10     | Identified a +0 club
 13755 | D:10     | Identified a +0 whip of venom
 13756 | D:10     | Identified a +0 dagger
 13758 | D:10     | Identified a +0 dagger
 13759 | D:10     | Identified a +0 dagger
 13761 | D:10     | Identified a +0 short sword of venom
 13922 | D:10     | Identified a +0 quarterstaff
 13982 | D:10     | Identified a +0 quarterstaff
 14010 | D:10     | Reached skill level 6 in Translocations
 14021 | D:10     | Reached skill level 1 in Invocations
 14042 | D:10     | Found a basalt altar of Yredelemnul.
 14049 | D:10     | Identified the +8 trident of Buckuzih {venom, Contam rC++
                  | Str+5}
 14092 | D:10     | Found a shimmering blue altar of Sif Muna.
 14135 | D:10     | Reached skill level 2 in Invocations
 14150 | D:10     | Identified a +0 giant spiked club
 14150 | D:10     | Identified a +0 robe
 14150 | D:10     | Noticed Erolcha
 14157 | D:10     | Reached skill level 3 in Invocations
 14178 | D:10     | Killed Erolcha
 14483 | D:10     | Reached skill level 4 in Invocations
 14586 | D:11     | Identified a +0 troll leather armour
 14692 | D:11     | Identified a +3 mace
 14697 | D:11     | Reached skill level 10 in Bows
 14697 | D:11     | Reached skill level 5 in Spellcasting
 14749 | D:10     | Identified a +0 quarterstaff
 14898 | D:11     | Found a sparkling altar of Nemelex Xobeh.
 14986 | D:11     | Identified a +0 hand axe
 14986 | D:11     | Identified a +0 plate armour
 14996 | D:11     | Identified a +0 long sword
 14996 | D:11     | Identified a +0 chain mail
 15061 | D:11     | Identified a +0 club
 15290 | D:11     | Identified a +0 quarterstaff
 15312 | D:11     | Identified the +2 leather armour of Resilience {Str+10}
 15314 | D:11     | Reached **** piety under Hepliaklqana
 15424 | D:11     | Found Soaqieng's Armour Shop.
 15424 | D:11     | Found a staircase to the Orcish Mines.
 15426 | D:11     | Found Woyrchy's Weapon Shop.
 15427 | D:11     | Identified a +0 dire flail
 15431 | D:11     | Identified a +0 flail
 15431 | D:11     | Identified +0 shadow dragon scales
 15436 | D:11     | Reached skill level 6 in Spellcasting
 15436 | D:11     | Reached XP level 12. HP: 83/83 MP: 19/21
 15465 | D:11     | Bought a +0 shortbow of flaming for 103 gold pieces
 15481 | D:11     | Identified a +0 quarterstaff
 15539 | D:11     | Identified a scroll of silence
 15585 | D:11     | Identified a +0 ring mail
 15687 | D:12     | Identified a +0 giant club
 15687 | D:12     | Identified a +0 giant club
 15687 | D:12     | Noticed a two-headed ogre
 15857 | D:12     | Killed a two-headed ogre
 15858 | D:12     | Reached skill level 5 in Invocations
 16109 | D:12     | Found Kebood's Armour Emporium.
 16117 | D:12     | Bought a +2 pair of gloves of dexterity for 301 gold pieces
 16210 | D:12     | Reached skill level 6 in Invocations
 16273 | D:12     | Identified a +7 eveningstar of freezing
 16273 | D:12     | Identified a +0 scale mail
 16273 | D:12     | Noticed Urug
 16319 | D:12     | Identified a +0 quarterstaff
 16513 | D:12     | Found a portal to a secret trove of treasure.
 16622 | D:12     | Noticed a boulder beetle
 16671 | D:12     | Identified a +0 quarterstaff
 16695 | D:12     | Killed a boulder beetle
 16721 | D:12     | Identified a +0 quarterstaff
 16728 | D:12     | Identified a +0 battleaxe
 16961 | D:12     | Killed Urug
 17034 | D:12     | Identified a +0 shortbow
 17043 | D:12     | Identified a +0 troll leather armour
 17044 | D:12     | Reached skill level 7 in Invocations
 17238 | D:11     | Identified a +0 mace
 17238 | D:11     | Identified a +0 chain mail
 17281 | Lair:1   | Entered Level 1 of the Lair of Beasts
 17396 | Lair:1   | Identified a +0 quarterstaff
 17424 | Lair:1   | Reached skill level 11 in Bows
 17475 | Lair:1   | Identified a potion of berserk rage
 17505 | Lair:1   | Reached skill level 8 in Invocations
 17565 | Lair:1   | Reached ***** piety under Hepliaklqana
 17630 | Lair:1   | Identified a +6 ring of dexterity
 17776 | Lair:1   | Identified a +0 pair of gloves
 18003 | Lair:2   | Noticed a catoblepas
 18056 | Lair:2   | Killed a catoblepas
 18104 | Lair:2   | Identified a +0 quarterstaff
 18148 | Lair:2   | Identified a +2 vampiric glaive
 18159 | Lair:2   | Identified a +0 scimitar
 18159 | Lair:2   | Identified a +0 robe
 18160 | Lair:2   | Found a staircase to the Snake Pit.
 18160 | Lair:2   | Identified a +0 dire flail
 18160 | Lair:2   | Identified a +0 robe
 18275 | Lair:2   | Identified a scroll of summoning
 18308 | Lair:2   | Reached XP level 13. HP: 88/88 MP: 20/22
 18375 | Lair:2   | Identified a +0 hand axe
 18455 | Lair:2   | Identified a +0 quarterstaff
 18634 | Lair:2   | Identified a +0 glaive of flaming
 18732 | Lair:2   | Learned a level 3 spell: Tukima's Dance
 18863 | Lair:2   | Found a staircase to the Shoals.
 18875 | Lair:2   | Reached skill level 7 in Translocations
 19144 | Lair:3   | Identified a +0 quarterstaff
 19327 | Lair:3   | Identified 2 scrolls of immolation
 19431 | Lair:3   | Identified a +0 hand crossbow
 19568 | Lair:3   | Identified a +0 quarterstaff
 19881 | Lair:3   | Identified a +0 ring mail
 19993 | Lair:3   | Identified a +0 halberd
 20029 | Lair:4   | Reached skill level 8 in Translocations
 20214 | Lair:4   | Identified a +1 demon whip of venom
 20214 | Lair:4   | Noticed Amaemon
 20226 | Lair:4   | Killed Amaemon
 20232 | Lair:4   | Reached skill level 13 in Hexes
 20288 | Lair:4   | Reached skill level 12 in Bows
 20455 | Lair:4   | Identified a +0 quarterstaff
 20492 | Lair:4   | Identified a +0 robe
 20535 | Lair:3   | Identified a +0 quarterstaff
 20646 | Lair:4   | Identified a +0 short sword
 20646 | Lair:4   | Identified a +0 robe
 20653 | Lair:4   | Reached skill level 14 in Hexes
 20659 | Lair:4   | Identified a +0 short sword
 20659 | Lair:4   | Identified a +0 robe
 20951 | Lair:4   | Identified a +0 quarterstaff
 21153 | Lair:5   | Reached skill level 15 in Hexes
 21257 | Lair:5   | Identified a +0 rapier
 21300 | Lair:5   | Identified the +5 hand crossbow "Kobakky" {venom, Int+4}
 21580 | Lair:5   | Reached ****** piety under Hepliaklqana
 21683 | Lair:5   | Found a runed translucent door.
 21684 | Lair:5   | Noticed Yqyin's ghost (journeyman GnAK)
 21714 | Lair:5   | Found a staircase to the Slime Pits.
 21881 | Lair:4   | Identified a +0 quarterstaff
 22063 | Lair:5   | Identified a +0 quarterstaff
 22099 | Lair:5   | Killed Yqyin's ghost
 22192 | Lair:6   | Entered Level 6 of the Lair of Beasts
 22199 | Lair:6   | Reached XP level 14. HP: 95/95 MP: 23/23
 22239 | Lair:6   | Identified a +0 pair of boots
 22258 | Lair:6   | Identified a +0 quarterstaff
 22325 | Lair:6   | Reached skill level 16 in Hexes
 22391 | Lair:6   | Found a gate leading to a gauntlet.
 22431 | Gauntlet | Entered a Gauntlet
 22431 | Gauntlet | Found a transporter.
 22443 | Gauntlet | Identified a +0 mace
 22528 | Gauntlet | Found a transporter.
 22528 | Gauntlet | Found a transporter.
 22530 | Gauntlet | Found a transporter.
 22539 | Gauntlet | Found a transporter.
 22554 | Gauntlet | Found a transporter.
 22560 | Gauntlet | Found a transporter.
 22562 | Gauntlet | Identified a +0 war axe
 22562 | Gauntlet | Identified a +0 leather armour
 22562 | Gauntlet | Identified a +0 broad axe
 22562 | Gauntlet | Identified a +0 robe
 22563 | Gauntlet | Identified a +0 war axe
 22563 | Gauntlet | Identified a +0 leather armour
 22581 | Gauntlet | Found a transporter.
 22594 | Gauntlet | Found a transporter.
 22614 | Gauntlet | Found a transporter.
 22634 | Gauntlet | Found a large runed translucent door.
 22635 | Gauntlet | Found a large runed translucent door.
 22636 | Gauntlet | Found a large runed translucent door.
 22636 | Gauntlet | Found a large runed translucent door.
 22637 | Gauntlet | Found a runed translucent gate.
 22638 | Gauntlet | Found a transporter.
 22638 | Gauntlet | Found a runed translucent gate.
 22639 | Gauntlet | Found a runed translucent gate.
 22640 | Gauntlet | Found a large runed translucent door.
 22640 | Gauntlet | Found a large runed translucent door.
 22641 | Gauntlet | Found a large runed translucent door.
 22642 | Gauntlet | Found a large runed translucent door.
 22650 | Gauntlet | Found a transporter.
 22662 | Gauntlet | Found a transporter.
 22669 | Gauntlet | Found a transporter.
 22706 | Gauntlet | Found a transporter.
 22708 | Gauntlet | Found a transporter.
 22737 | Gauntlet | Found a transporter.
 22754 | Gauntlet | Found a transporter.
 22760 | Gauntlet | Found a large runed translucent door.
 22760 | Gauntlet | Found a large runed translucent door.
 22761 | Gauntlet | Found a large runed translucent door.
 22761 | Gauntlet | Found a large runed translucent door.
 22761 | Gauntlet | Identified a ring of fire
 22765 | Gauntlet | Identified a ring of wizardry
 22807 | Gauntlet | Found a large runed translucent door.
 22807 | Gauntlet | Found a large runed translucent door.
 22807 | Gauntlet | Found a runed translucent door.
 22807 | Gauntlet | Found a runed translucent door.
 22809 | Gauntlet | Found a large runed translucent door.
 22810 | Gauntlet | Found a large runed translucent door.
 22881 | Gauntlet | HP: 18/95 [fire crab] (18)]
 22923 | Gauntlet | Identified a +0 quarterstaff
 22948 | Gauntlet | Identified the ring "Fougoisch" {+Blink AC+4 Str-2 Int+6
                  | Dex+4}
 23042 | Gauntlet | Identified the +3 trident of Forced Transition {flame,
                  | Str-3 Int+5}
 23042 | Gauntlet | Identified a +0 chain mail
 23056 | Gauntlet | Identified a +0 robe
 23056 | Gauntlet | Identified a +2 hand axe of freezing
 23059 | Gauntlet | Identified a scroll of brand weapon
 23060 | Gauntlet | Identified a scroll of fear
 23158 | Lair:6   | Identified a +0 quarterstaff
 23163 | Lair:6   | Reached skill level 1 in Evocations
 23184 | Lair:6   | Reached skill level 2 in Evocations
 23214 | Lair:6   | Identified a +0 quarterstaff
 23256 | Lair:6   | Identified a +0 quarterstaff
 23304 | Lair:6   | Reached skill level 13 in Bows
 23361 | Lair:6   | Reached skill level 3 in Evocations
 23480 | Lair:6   | Reached skill level 4 in Evocations
 23562 | Lair:6   | Identified a +0 quarterstaff
 23631 | Lair:6   | Identified a ring of magical power
 23680 | Lair:6   | Identified a +0 quarterstaff
 23732 | Lair:6   | Reached skill level 5 in Evocations
 23734 | Lair:6   | Identified a +0 quarterstaff
 23834 | Lair:6   | Identified the +4 lajatang of Articulation {freeze, rElec
                  | rC+ rCorr Stlth+}
 23840 | Lair:6   | Identified a +1 scale mail of willpower
 23841 | Lair:6   | Identified a +0 quarterstaff
 23844 | Lair:6   | Got the Almanac of Flying Attacks
 23845 | Lair:6   | Identified a +0 dire flail of holy wrath
 24895 | Orc:1    | Entered Level 1 of the Orcish Mines
 24895 | Orc:1    | Noticed Snorg
 24895 | Orc:1    | Identified a +0 broad axe
 24895 | Orc:1    | Identified a +0 plate armour
 24895 | Orc:1    | Identified a +0 flail
 24895 | Orc:1    | Identified a +0 trident
 24895 | Orc:1    | Identified a +0 leather armour
 24895 | Orc:1    | Identified a +0 club
 24895 | Orc:1    | Identified a +0 club
 24895 | Orc:1    | Identified a +0 leather armour
 24895 | Orc:1    | Identified a +0 trident
 24895 | Orc:1    | Identified a +0 plate armour
 24895 | Orc:1    | Identified a +0 whip
 24895 | Orc:1    | Identified a +0 scale mail
 24896 | Orc:1    | Identified a +0 club
 24896 | Orc:1    | Identified a +0 ring mail
 24899 | Orc:1    | Identified a +0 flail
 24914 | Orc:1    | Identified a +0 club
 24944 | Orc:1    | Identified a +0 quarterstaff
 24998 | Orc:1    | Identified a +0 hand axe
 24998 | Orc:1    | Identified a +0 plate armour
 25004 | Orc:1    | Identified a +0 dagger
 25004 | Orc:1    | Identified a +0 leather armour
 25006 | Orc:1    | Identified a +0 hand axe of electrocution
 25089 | Orc:1    | Killed Snorg
 25268 | Orc:2    | Entered Level 2 of the Orcish Mines
 25268 | Orc:2    | Identified a +0 dagger
 25268 | Orc:2    | Identified a +0 robe
 25271 | Orc:2    | Identified a +0 hand axe
 25272 | Orc:2    | Identified a +0 short sword
 25272 | Orc:2    | Identified a +2 whip of flaming
 25272 | Orc:2    | Identified a +0 ring mail
 25273 | Orc:2    | Reached skill level 6 in Evocations
 25274 | Orc:2    | Identified a +0 battleaxe
 25274 | Orc:2    | Identified a +0 chain mail
 25275 | Orc:2    | Identified a +0 dagger
 25275 | Orc:2    | Identified a +0 short sword
 25276 | Orc:2    | Identified a +0 dagger
 25276 | Orc:2    | Identified a +0 robe
 25276 | Orc:2    | Identified a +0 battleaxe
 25276 | Orc:2    | Identified a +0 chain mail
 25277 | Orc:2    | Identified a +0 club
 25277 | Orc:2    | Identified a +0 ring mail
 25277 | Orc:2    | Identified a +0 whip
 25278 | Orc:2    | Identified a +0 short sword
 25279 | Orc:2    | Identified a +0 flail
 25280 | Orc:2    | Identified a +0 short sword
 25280 | Orc:2    | Identified a +0 leather armour
 25280 | Orc:2    | Identified a +0 short sword
 25286 | Orc:2    | Identified a +0 war axe
 25286 | Orc:2    | Identified a +0 plate armour
 25286 | Orc:2    | Identified a +0 dagger of flaming
 25286 | Orc:2    | Identified a +0 cloak
 25286 | Orc:2    | Noticed Maurice
 25286 | Orc:2    | Identified a +0 dagger
 25286 | Orc:2    | Identified a +0 robe
 25286 | Orc:2    | Identified a +0 hand axe
 25286 | Orc:2    | Identified a +0 leather armour
 25287 | Orc:2    | Identified a +0 flail
 25330 | Orc:2    | Identified a +0 short sword
 25330 | Orc:2    | Identified a +0 chain mail
 25330 | Orc:2    | Identified a +0 mace
 25330 | Orc:2    | Identified a +0 chain mail
 25330 | Orc:2    | Identified a +0 battleaxe
 25330 | Orc:2    | Identified a +0 chain mail
 25338 | Orc:2    | Identified a +0 club
 25340 | Orc:2    | Identified a +0 flail
 25340 | Orc:2    | Identified a +0 leather armour
 25361 | Orc:2    | Killed Maurice
 25371 | Orc:2    | Identified a +0 dire flail
 25373 | Orc:2    | Identified a +0 trident
 25375 | Orc:2    | Identified a +0 trident
 25375 | Orc:2    | Identified a +0 plate armour
 25379 | Orc:2    | Identified a +2 vampiric dagger
 25379 | Orc:2    | Identified a +0 robe
 25380 | Orc:2    | Identified a +0 dagger
 25380 | Orc:2    | Identified a +0 robe
 25380 | Orc:2    | Identified a +0 dagger
 25386 | Orc:2    | Identified a +0 mace
 25386 | Orc:2    | Identified a +0 plate armour
 25386 | Orc:2    | Identified a +0 trident
 25386 | Orc:2    | Identified a +0 chain mail
 25387 | Orc:2    | Identified a +0 mace
 25387 | Orc:2    | Identified a +0 plate armour
 25388 | Orc:2    | Identified a +0 club
 25393 | Orc:2    | Identified a +0 whip
 25393 | Orc:2    | Paralysed by an orc sorcerer for 7 turns
 25394 | Orc:2    | Identified a +0 falchion
 25394 | Orc:2    | Identified a +3 leather armour
 25395 | Orc:2    | Identified a +0 mace
 25396 | Orc:2    | Identified a +0 short sword
 25396 | Orc:2    | Identified a +0 leather armour
 25463 | Orc:2    | Identified a +0 whip
 25471 | Orc:2    | Identified a +0 club
 25471 | Orc:2    | Identified a +0 leather armour
 25501 | Orc:2    | Identified a +0 dagger
 25508 | Orc:2    | Identified a +0 hand axe
 25520 | Orc:2    | Identified a +0 dagger
 25520 | Orc:2    | Identified a +0 robe of positive energy
 25530 | Orc:2    | Identified a +0 scimitar
 25537 | Orc:2    | Identified a +0 hand axe
 25537 | Orc:2    | Identified a +0 plate armour
 25539 | Orc:2    | Identified a +0 battleaxe
 25539 | Orc:2    | Identified a +0 arbalest
 25539 | Orc:2    | Identified a +0 plate armour
 25540 | Orc:2    | Identified a +0 war axe
 25540 | Orc:2    | Identified a +0 plate armour
 25542 | Orc:2    | Identified a +0 glaive
 25542 | Orc:2    | Identified a +0 chain mail
 25561 | Orc:2    | Identified a +0 halberd
 25561 | Orc:2    | Identified a +0 plate armour
 25590 | Orc:2    | Identified a +0 dagger
 25590 | Orc:2    | Identified a +0 robe
 25632 | Orc:1    | Identified a +0 quarterstaff
 25656 | Orc:2    | Reached skill level 7 in Evocations
 25668 | Orc:2    | Identified a +0 dagger
 25668 | Orc:2    | Identified a +0 robe
 25671 | Orc:2    | Identified a +0 halberd
 25675 | Orc:2    | Identified a +0 whip
 25677 | Orc:2    | Identified a +0 flail
 25689 | Orc:2    | Identified a +0 dagger
 25689 | Orc:2    | Identified a +0 robe
 25702 | Orc:2    | Identified a +0 dagger
 25702 | Orc:2    | Identified a +1 robe of willpower
 25705 | Orc:2    | Identified a +0 whip
 25705 | Orc:2    | Identified a +0 trident
 25714 | Orc:2    | Identified a +0 war axe
 25714 | Orc:2    | Identified a +0 plate armour
 25715 | Orc:2    | Identified a +0 quarterstaff
 25753 | Orc:1    | Identified a +0 giant club
 25765 | Orc:1    | Identified a +0 giant spiked club
 25872 | Orc:2    | Identified a +0 dagger
 25872 | Orc:2    | Identified a +0 robe
 25874 | Orc:2    | Identified a +0 dire flail
 25874 | Orc:2    | Identified a +0 plate armour
 25874 | Orc:2    | Identified a +0 flail
 25874 | Orc:2    | Identified a +0 plate armour
 25875 | Orc:2    | Identified a +0 dagger
 25875 | Orc:2    | Identified a +0 robe
 25884 | Orc:2    | Reached XP level 15. HP: 100/100 MP: 20/24
 25903 | Orc:2    | Found Uchiox's Weapon Boutique.
 25903 | Orc:2    | Found Qyrph's Antique Weapon Boutique.
 25904 | Orc:2    | Found Epuagh's Armour Emporium.
 25904 | Orc:2    | Found Voul's Antique Weapon Emporium.
 25925 | Orc:2    | Bought a +0 shortbow of freezing for 111 gold pieces
 26005 | Orc:2    | Found a staircase to the Elven Halls.
 26015 | Orc:2    | Identified a +0 dagger
 26015 | Orc:2    | Identified a +0 robe
 26016 | Orc:2    | Identified a +0 halberd
 26016 | Orc:2    | Identified a +0 chain mail
 26021 | Orc:2    | Identified a +0 giant spiked club
 26024 | Orc:2    | Identified a +0 hand axe
 26078 | Orc:2    | Identified a +0 flail
 26080 | Orc:2    | Identified a +0 falchion
 26081 | Orc:2    | Identified a +0 dagger
 26082 | Orc:2    | Identified a +0 club
 26082 | Orc:2    | Identified a +0 chain mail
 26084 | Orc:2    | Identified a +0 scimitar
 26084 | Orc:2    | Identified a +0 plate armour
 26292 | Elf:1    | Entered Level 1 of the Elven Halls
 26292 | Elf:1    | Identified a +0 long sword
 26292 | Elf:1    | Identified a +0 leather armour
 26292 | Elf:1    | Identified a +0 dagger
 26292 | Elf:1    | Identified a +0 shortbow
 26292 | Elf:1    | Identified a +0 leather armour
 26292 | Elf:1    | Identified a +0 rapier
 26352 | Orc:2    | Identified a +0 quarterstaff
 26354 | Elf:1    | Identified a +3 dagger
 26461 | Elf:1    | Identified a +0 long sword
 26555 | Elf:1    | Identified a +0 long sword
 26585 | Elf:1    | Identified a +0 long sword
 26593 | Elf:1    | Identified a +0 long sword
 26594 | Elf:1    | Identified a +0 short sword
 26605 | Elf:1    | Identified a +0 short sword
 26605 | Elf:1    | Noticed a deep elf demonologist
 26606 | Elf:1    | Reached skill level 8 in Evocations
 26620 | Elf:1    | Noticed a Brimstone Fiend
 26625 | Elf:1    | Identified a +3 demon whip of venom
 26858 | D:13     | Identified a +3 war axe
 26858 | D:13     | Identified a +0 plate armour
 26858 | D:13     | Identified a +0 war axe
 26858 | D:13     | Identified a +0 plate armour
 26858 | D:13     | Identified a +1 battleaxe of freezing
 26858 | D:13     | Identified a +0 plate armour
 26859 | D:13     | Identified a +0 great sword
 26859 | D:13     | Identified a +0 chain mail
 26860 | D:13     | Identified a +3 dire flail
 26860 | D:13     | Identified a +0 plate armour
 26868 | D:13     | Reached skill level 5 in Dodging
 26886 | D:13     | Identified a +0 battleaxe
 26886 | D:13     | Identified a +0 plate armour
 26936 | D:13     | Identified a +0 quarterstaff
 26941 | D:13     | Found a gate to the Vaults.
 26958 | D:13     | Identified a +0 glaive
 26958 | D:13     | Identified a +0 plate armour
 26977 | D:13     | Reached skill level 1 in Armour
 26982 | D:13     | Identified +0 acid dragon scales
 26983 | D:13     | Reached skill level 14 in Bows
 27021 | D:13     | Identified a +1 great mace
 27021 | D:13     | Identified a +0 chain mail
 27072 | D:13     | Identified a +0 quarterstaff
 27113 | D:13     | Reached skill level 2 in Armour
 27197 | D:13     | Identified a +0 pair of gloves
 27254 | D:13     | Identified a +0 club
 27254 | D:13     | Identified a +0 ring mail
 27255 | D:13     | Identified a +0 mace
 27255 | D:13     | Identified a +0 leather armour
 27257 | D:13     | Identified a +0 dagger
 27257 | D:13     | Identified a +0 robe
 27257 | D:13     | Identified a +0 war axe
 27257 | D:13     | Identified a +0 flail
 27257 | D:13     | Identified a +0 leather armour
 27284 | D:13     | Identified a +0 arbalest
 27352 | D:13     | Identified a +1 vorpal dire flail
 27352 | D:13     | Identified a +0 scale mail
 27352 | D:13     | Noticed Frances
 27364 | D:13     | Identified a +0 shortbow
 27365 | D:13     | Identified a +0 shortbow
 27366 | D:13     | Identified a +0 shortbow
 27371 | D:13     | Identified a +0 shortbow
 27391 | D:13     | Identified a +0 shortbow
 27438 | D:13     | Identified a +0 quarterstaff
 27517 | D:13     | Identified a +0 quarterstaff
 27531 | D:13     | Reached skill level 3 in Armour
 27703 | D:13     | Learned a level 4 spell: Leda's Liquefaction
 27735 | D:13     | Found Laxto's Weapon Emporium.
 27815 | D:13     | Found Vowup's Distillery.
 27821 | D:13     | Bought a potion of ambrosia for 120 gold pieces
 27821 | D:13     | Bought a potion of curing for 45 gold pieces
 27821 | D:13     | Bought a potion of haste for 150 gold pieces
 27821 | D:13     | Bought a potion of curing for 45 gold pieces
 27821 | D:13     | Bought a potion of curing for 45 gold pieces
 27877 | D:13     | Identified a +0 longbow
 28187 | D:13     | Identified a +0 cloak
 28297 | D:14     | Identified a +0 great sword
 28306 | D:14     | Identified a +0 dagger
 28306 | D:14     | Identified a +0 robe
 28313 | D:14     | Identified a scroll of holy word
 28428 | D:14     | Identified a +0 longbow
 28505 | D:14     | Identified a +0 quarterstaff
 28556 | D:14     | Identified a +0 battleaxe
 28556 | D:14     | Identified a +0 ring mail
 28563 | D:14     | Identified a +2 longbow of flaming
 28570 | D:14     | Reached skill level 4 in Armour
 28602 | D:14     | Identified a +0 quarterstaff
 28627 | D:14     | Identified a +0 shortbow
 28635 | D:14     | Identified a scroll of enchant armour
 28637 | D:14     | Identified a +0 shortbow
 28637 | D:14     | Identified a +0 shortbow
 28637 | D:14     | Identified a +0 shortbow
 28640 | D:14     | Identified a +0 shortbow
 28644 | D:14     | Identified a +0 shortbow
 28653 | D:14     | Identified a +0 rapier
 28691 | D:14     | Identified a +0 quarterstaff
 28903 | D:14     | Identified a +0 dire flail
 28983 | D:14     | Identified a +0 arbalest
 29028 | D:14     | Identified a +0 long sword
 29028 | D:14     | Identified a +0 ring mail
 29028 | D:14     | Identified a +0 kite shield
 29249 | D:15     | Entered Level 15 of the Dungeon
 29278 | D:15     | Reached skill level 5 in Armour
 29401 | D:14     | Identified a +0 quarterstaff
 29425 | D:15     | Identified a +0 dagger
 29425 | D:15     | Identified a +0 robe
 29435 | D:15     | Identified a +0 dagger
 29435 | D:15     | Identified a +2 robe of resistance
 29439 | D:15     | Identified a +0 troll leather armour
 29459 | D:15     | Identified a +0 dire flail
 29459 | D:15     | Identified a +0 dire flail
 29492 | D:15     | Identified the +0 robe of Vehumet's Envy {Harm}
 29504 | D:15     | Found a staircase to the Depths.
 29516 | D:15     | Identified a +0 quarterstaff
 29526 | D:15     | Identified a +0 dagger
 29526 | D:15     | Identified a +0 robe
 29710 | D:15     | Identified a +0 quarterstaff
 29753 | D:15     | Found the necklace of Bloodlust {*Rage Will++ Int-3 Slay+6}
 29778 | D:15     | Identified a +0 quarterstaff
 29832 | D:15     | Identified a +0 war axe
 29832 | D:15     | Identified a +0 leather armour
 29835 | D:15     | Identified a +0 war axe
 29835 | D:15     | Identified a +0 robe
 29836 | D:15     | Identified a +0 war axe
 29836 | D:15     | Identified a +0 robe
 29872 | D:15     | Identified a potion of magic
 29887 | D:15     | Identified a +0 quarterstaff
 29913 | D:15     | Reached skill level 5 in Fighting
 29954 | D:15     | Identified a +0 shortbow
 30006 | D:15     | Identified a +0 longbow
 30024 | D:15     | Identified a +6 ring of strength
 30061 | D:15     | Identified a +0 pair of gloves
 30061 | D:15     | Identified a +2 great mace
 30061 | D:15     | Identified a +0 arbalest
 30061 | D:15     | Identified a +0 chain mail
 30061 | D:15     | Identified a +0 mace
 30061 | D:15     | Identified a +0 mace
 30061 | D:15     | Identified a +0 chain mail
 30063 | D:15     | Identified a +0 dagger
 30122 | D:15     | Identified a +0 quarterstaff
 30146 | D:15     | Identified a +0 morningstar
 30178 | D:15     | Identified a +0 long sword
 30178 | D:15     | Identified a +0 flail
 30185 | D:15     | Reached XP level 16. HP: 111/111 MP: 25/25
 30250 | D:15     | Identified a +0 quarterstaff
 30545 | Depths:1 | Entered Level 1 of the Depths
 30557 | Depths:1 | Identified a +3 war axe
 30557 | Depths:1 | Identified a +0 ring mail
 30557 | Depths:1 | Identified a +2 kite shield
 30582 | Depths:1 | Identified a +2 great mace of protection
 30582 | Depths:1 | Identified a +0 ring mail
 30605 | Depths:1 | Identified a +0 long sword
 30605 | Depths:1 | Identified a +0 robe
 30651 | D:15     | Identified a +0 quarterstaff
 30662 | Depths:1 | Identified a +2 battleaxe of freezing
 30664 | Depths:1 | Identified +0 ice dragon scales
 30717 | D:15     | Identified a +0 quarterstaff
 30720 | Depths:1 | HP: 26/111 [frost giant/bolt of cold (38)]
 30815 | Depths:1 | Identified a +0 dire flail
 30815 | Depths:1 | Identified a +0 dire flail
 30815 | Depths:1 | Identified a +0 dagger
 30815 | Depths:1 | Identified a +0 robe
 30838 | Depths:1 | Cast into level 2 of the Abyss (a wizard)
 30967 | Abyss:2  | Identified a +0 long sword of holy wrath
 30967 | Abyss:2  | Identified a +0 rapier
 31026 | Abyss:5  | Entered Level 5 of the Abyss
 31041 | Depths:1 | Escaped the Abyss
 31118 | Depths:1 | Identified a +0 quarterstaff
 31120 | Depths:1 | Found a gateway to Hell.
 31135 | Depths:1 | Identified +0 fire dragon scales
 31136 | Depths:1 | Reached skill level 7 in Spellcasting
 31284 | D:15     | Identified a +0 quarterstaff
 31317 | Depths:1 | Identified a +0 dire flail
 31317 | Depths:1 | Identified a +0 chain mail
 31317 | Depths:1 | Identified a +1 vorpal long sword
 31317 | Depths:1 | Identified a +0 arbalest
 31317 | Depths:1 | Identified a +0 plate armour
 31317 | Depths:1 | Identified a +1 vampiric war axe
 31317 | Depths:1 | Identified a +0 chain mail
 31317 | Depths:1 | Identified a +0 dagger
 31317 | Depths:1 | Identified a +2 robe of positive energy
 31317 | Depths:1 | Identified a +0 long sword
 31317 | Depths:1 | Identified a +0 leather armour
 31317 | Depths:1 | Identified a +0 hand axe
 31317 | Depths:1 | Identified a +0 great mace
 31317 | Depths:1 | Identified a +0 chain mail
 31317 | Depths:1 | Identified a +0 war axe
 31317 | Depths:1 | Identified a +2 plate armour of poison resistance
 31317 | Depths:1 | Identified a +3 dire flail
 31317 | Depths:1 | Identified a +0 plate armour
 31377 | Depths:1 | Identified a +4 battleaxe of freezing
 31386 | D:15     | Reached skill level 15 in Bows
 31439 | Depths:1 | Learned a level 4 spell: Anguish
 31455 | Depths:1 | Reached skill level 6 in Fighting
 31510 | Depths:1 | Identified a +0 quarterstaff
 31604 | Depths:1 | Identified a +0 leather armour
 31791 | Depths:1 | Identified the ring of the Queen {rPois rCorr Str+2 Dex-5
                  | Stlth+}
 31792 | Depths:1 | Identified a +3 spear of venom
 32083 | Depths:2 | Identified a +3 great sword
 32083 | Depths:2 | Identified a +0 leather armour
 32206 | Depths:2 | Noticed a sphinx
 32213 | Depths:2 | Killed a sphinx
 32214 | Depths:2 | Reached skill level 7 in Fighting
 32251 | Depths:2 | Identified a +0 quarterstaff
 32382 | Depths:2 | Identified a +0 whip
 32382 | Depths:2 | Identified a +0 robe
 32521 | Depths:2 | Identified a +0 hand axe
 32521 | Depths:2 | Identified a +0 animal skin
 32525 | Depths:2 | Identified a +3 vampiric spear
 32525 | Depths:2 | Identified a +0 spear
 32525 | Depths:2 | Identified a +0 buckler
 32525 | Depths:2 | Identified a +0 robe
 32569 | Depths:1 | Identified a +0 quarterstaff
 32679 | Depths:2 | Identified a +0 robe
 32738 | Depths:2 | Identified a +0 quarterstaff
 32748 | Depths:2 | Noticed a storm dragon
 32760 | Depths:2 | HP: 11/116 [storm dragon/bolt of lightning (25)]
 32761 | Depths:2 | Killed from afar by a spriggan air mage

Table legend: (Time is in decaauts)
 A = Elapsed time spent in this place.
 B = Non-inter-level travel time spent in this place.
 C = Inter-level travel time spent in this place.
 D = Time resting spent in this place.
 E = Time spent auto-exploring this place.
 F = Levels seen in this place.
 G = Mean time per level.
                   A        B        C        D        E       F      G
               +--------+--------+--------+--------+--------+-----+--------+
         Total |  33123 |  31010 |   2113 |   1757 |  20183 |  33 | 1003.7 |
       Dungeon |  21099 |  19526 |   1573 |    718 |  13800 |  15 | 1406.6 |
        Temple |     74 |     43 |     31 |      0 |     31 |   1 |   74.0 |
          Lair |   6922 |   6611 |    311 |    161 |   4577 |   6 | 1153.7 |
  Orcish Mines |   1454 |   1339 |    115 |    200 |    661 |   2 |  727.0 |
   Elven Halls |    307 |    307 |      0 |      0 |    121 |   1 |  307.0 |
        Depths |   1856 |   1774 |     82 |    489 |    697 |   2 |  928.0 |
         Abyss |    204 |    204 |      0 |      0 |      0 |   4 |   51.0 |
         Sewer |    570 |    570 |      0 |     29 |    295 |   1 |  570.0 |
      Gauntlet |    632 |    632 |      0 |    158 |      0 |   1 |  632.0 |
               +--------+--------+--------+--------+--------+-----+--------+

Top non-repeatable levels by time:
  Lair:6: 1914 daAuts
    D:10: 1673 daAuts
     D:6: 1602 daAuts
     D:2: 1564 daAuts
    D:13: 1534 daAuts
     D:9: 1491 daAuts
     D:3: 1476 daAuts
     D:7: 1454 daAuts
    D:15: 1430 daAuts
     D:5: 1380 daAuts
    D:12: 1363 daAuts
     D:8: 1349 daAuts
    D:11: 1313 daAuts
Depths:1: 1284 daAuts
     D:4: 1259 daAuts

Table legend:
 A = Kills in this place as a percentage of kills in entire the game.
 B = Kills by you in this place as a percentage of kills by you in the entire game.
 C = Kills by friends in this place as a percentage of kills by friends in the entire game.
 D = Other kills in this place as a percentage of other kills in the entire game.
 E = Experience gained in this place as a percentage of experience gained in the entire game.
 F = Experience gained in this place divided by the number of levels of this place that you have seen.
                   A       B       C       D       E      F
               +-------+-------+-------+-------+-------+----------------------
         Total | 100.0 | 100.0 | 100.0 |   N/A | 100.0 | 5776.8
       Dungeon |  51.3 |  55.7 |  43.0 |   N/A |  40.3 | 5127.0
          Lair |  24.9 |  20.1 |  33.9 |   N/A |  30.6 | 9716.8
  Orcish Mines |  11.2 |  11.0 |  11.5 |   N/A |   7.3 | 6940.5
   Elven Halls |   1.0 |   0.7 |   1.4 |   N/A |   2.6 | 4947.0
        Depths |   5.2 |   3.8 |   7.7 |   N/A |  17.7 | 16824.0
         Abyss |   0.8 |   0.7 |   1.0 |   N/A |   0.0 |   0.0
         Sewer |   4.8 |   7.3 |   0.0 |   N/A |   0.1 | 207.0
      Gauntlet |   0.8 |   0.5 |   1.4 |   N/A |   1.4 | 2746.0
               +-------+-------+-------+-------+-------+----------------------

Skill      XL: |  1  2  3  4  5  6  7  8  9 10 11 12 13 14 15 16 |
---------------+-------------------------------------------------+-----
Bows           | 2 3 4 5 6 7 9 10 11 12 13 14 15 | 15.3
Hexes          | 5 6 8 10 12 15 16 | 16.0
Spellcasting   | 3 4 6 7 |  7.9
Translocations | 2 4 6 8 |  8.7
Fire Magic     | 2 |  2.0
Dodging        | 4 5 |  5.8
Fighting       | 4 5 7 |  7.6
Stealth        | 6 7 |  7.3
Invocations    | 4 8 |  8.8
Evocations     | 7 8 |  8.1
Armour         | 5 |  5.7

Action                   |  1- 3 |  4- 6 |  7- 9 | 10-12 | 13-15 | 16-18 || total
-------------------------+-------+-------+-------+-------+-------+-------++-------
Melee: Quarterstaff      |       |    15 |    30 |       |       |       ||    45
       Dagger            |       |       |   170 |       |       |       ||   170
       Bite              |       |       |    17 |     8 |     1 |       ||    26
       Punch             |       |       |     2 |     1 |       |       ||     3
       Whip              |       |       |    15 |    50 |     3 |       ||    68
       Demon whip        |       |       |       |       |       |     4 ||     4
 Fire: Shortbow          |   158 |   153 |   520 |   640 |  1216 |       ||  2687
       Longbow           |       |       |       |       |   135 |   213 ||   348
 Cast: Slow              |       |    13 |    36 |    29 |    23 |       ||   101
       Portal Projectile |       |     1 |     7 |     9 |    60 |    12 ||    89
       Inner Flame       |       |       |     6 |    21 |    21 |       ||    48
       Cause Fear        |       |       |     3 |     9 |    30 |     7 ||    49
       Passage of Golubr |       |       |       |       |    11 |       ||    11
       Tukima's Dance    |       |       |       |       |    28 |    38 ||    66
       Leda's Liquefacti |       |       |       |       |     1 |     1 ||     2
Invok: Ancestor Life: Ba |       |       |     1 |       |       |       ||     1
       Ancestor Identity |       |       |     1 |       |       |       ||     1
       Recall Ancestor   |       |       |       |     2 |     6 |     6 ||    14
       Transference      |       |       |       |       |     1 |       ||     1
 Abil: Exsanguinate      |       |     1 |       |     2 |       |       ||     3
       Revivify          |       |     1 |       |     1 |       |       ||     2
Evoke: Wand              |       |       |       |     4 |     7 |       ||    11
       Box of beasts     |       |       |       |       |     1 |       ||     1
  Use: Scroll            |     3 |     1 |     7 |     5 |    14 |     3 ||    33
       Potion            |     1 |     2 |     2 |     2 |     4 |     2 ||    13
 Stab: Distracted        |       |       |     2 |       |       |       ||     2
Armor: Robe              |    23 |    28 |   125 |    60 |    29 |       ||   265
       Troll leather arm |       |       |       |       |   115 |    29 ||   144
Dodge: Dodged            |    59 |    63 |   242 |   120 |   246 |    58 ||   788

Vanquished Creatures
  A sphinx (Depths:2)
  A frost giant (Depths:1)
  3 stone giants (Depths:1)
  2 spark wasps
  Snorg (Orc:1)
  2 ettins
  A fire dragon (Depths:1)
  A great orb of eyes (Depths:1)
  An ice dragon (Depths:1)
  4 hydras
  3 boulder beetles
  5 vault guards (D:13)
  A catoblepas (Lair:2)
  4 centaur warriors
  3 deep troll shamans
  3 tengu warriors
  4 orc high priests
  A spriggan berserker (Depths:2)
  2 fire crabs
  Amaemon (Lair:4)
  2 goliath frogs (Lair:6)
  5 deep trolls
  A glowing orange brain (Depths:2)
  A wizard (D:15)
  2 orc knights (Orc:1)
  3 cyclopes
  A deep elf pyromancer (Elf:1)
  3 deep elf zephyrmancers (Elf:1)
  4 orc sorcerers
  2 worldbinders (Abyss:2)
  3 ugly things
  Maurice (Orc:2)
  4 centaur zombies (D:10)
  11 elephants
  5 black mambas
  2 gargoyles
  An orange demon (Lair:4)
  7 cane toads
  Maggie (D:6)
  2 komodo dragons
  A tengu conjurer (D:8)
  An ancient zyme (Abyss:2)
  2 trolls
  2 polar bears
  2 hornets
  2 meliai (D:15)
  Grinder (D:4)
  14 slime creatures
  5 blink frogs
  A snapping turtle (Lair:2)
  4 dream sheep (Lair:6)
  A large abomination (Abyss:2)
  2 wyverns
  Sigmund (D:3)
  A water elemental (Depths:1)
  Eustachio (D:4)
  31 yaks
  A fire elemental (Lair:4)
  4 basilisks
  A steam dragon (D:6)
  13 vampire mosquitoes
  A naga (Lair:2)
  4 wargs
  2 acid dragons
  10 water moccasins
  A sky beast (D:8)
  3 black bears
  12 orc warriors
  9 wolves
  3 ogres
  2 phantoms (D:5)
  9 centaurs
  4 lemures (D:6)
  A kobold brigand (D:7)
  18 bullfrogs
  3 scorpions
  A necrophage (D:4)
  2 wights (D:8)
  2 killer bees (D:10)
  2 electric eels (Lair:3)
  3 howler monkeys
  A lava snake (Lair:4)
  5 hounds
  A jelly (D:5)
  8 orc priests
  A gnoll shaman (D:3)
  Crazy Yiuf (D:5)
  6 iguanas
  12 orc wizards
  A merfolk siren (Sewer)
  A merfolk avatar (Sewer)
  A howler monkey zombie (D:10)
  Robin (D:2)
  14 gnolls
  14 adders
  2 river rats (Sewer)
  A shadow imp (D:7)
  4 white imps
  4 worms
  3 dart slugs
  69 orcs
  5 endoplasms
  3 giant cockroaches
  21 goblins
  10 hobgoblins
  4 jackals
  9 quokkas
  8 ball pythons
  7 bats
  7 frilled lizards
  9 kobolds
  29 rats
550 creatures vanquished.

Vanquished Creatures (collateral kills)
  A frost giant (Depths:1)
  2 orc warlords
  The ghost of Yqyin the Fighter, a journeyman GnAK of Lugonu (Lair:5)
  A minotaur (Gauntlet)
  2 spark wasps (Depths:1)
  A fire dragon (Depths:1)
  3 hydras
  2 rakshasas
  A spriggan air mage (Depths:1)
  3 vault guards (D:13)
  Erolcha (D:10)
  An ice dragon (Depths:2)
  3 centaur warriors
  A boulder beetle (D:13)
  3 catoblepae
  2 two-headed ogres
  2 tengu warriors
  An orc high priest (Depths:1)
  Sonja (D:10)
  Urug (D:12)
  A wretched star (Abyss:2)
  3 skeletal warriors (D:15)
  2 iron trolls (Depths:1)
  A deep troll (D:15)
  A deep elf archer (Elf:1)
  Pikel (D:6)
  3 deep elf pyromancers
  7 orc knights
  2 wizards
  A necromancer (D:15)
  3 orc sorcerers (Orc:2)
  A large abomination (Abyss:2)
  A manticore (D:12)
  3 ugly things (D:15)
  A deep elf zephyrmancer (Elf:1)
  A cyclops (Orc:1)
  5 elephants
  2 black mambas (Lair:6)
  A rime drake (Lair:2)
  A yaktaur (D:13)
  A gargoyle (D:11)
  14 cane toads
  4 komodo dragons
  An unseen horror (D:12)
  3 tengu conjurers
  2 trolls
  A meliai (D:15)
  2 tyrant leeches (Lair:6)
  A polar bear (Lair:5)
  A hornet (D:10)
  6 blink frogs (Lair:6)
  6 slime creatures (D:13)
  4 spriggans
  2 wyverns
  6 wraiths
  2 fire bats (Gauntlet)
  A shadow (D:12)
  38 yaks
  A basilisk (shapeshifter) (D:14)
  A steam dragon (D:7)
  3 basilisks
  10 vampire mosquitoes
  2 nagas (Lair:2)
  5 water moccasins
  14 orc warriors
  3 black bears
  An ice beast (D:8)
  14 wolves
  A centaur (D:8)
  A kobold brigand (D:10)
  9 bullfrogs
  A necrophage (D:8)
  2 wights (D:8)
  4 killer bees (D:10)
  An electric eel (Lair:6)
  4 howler monkeys
  5 centaur zombies (D:10)
  4 orc priests
  A jelly (Gauntlet)
  A gnoll shaman (D:8)
  5 orc wizards
  A mummy (D:9)
  2 gnolls (D:8)
  A shadow imp (D:8)
  16 orcs
  4 kobolds (D:10)
286 creatures vanquished.

Vanquished Creatures (others)
  10 dancing weapons
  A human (D:8)
  3 ancestors (D:6)
  59 battlemagi
  33 fungi
  136 plants
242 creatures vanquished.

Grand Total: 1078 creatures vanquished
